 Dungeon Crawl Stone Soup version 0.30-a0-738-g116ff8c4af (webtiles) character file.

Game seed: 14692181493275546486

31063 porpoise the Severer (level 13, 0/111 HPs)
             Began as a Hill Orc Monk on Feb 4, 2023.
             Was an Elder of Qazlal.
             Slain by a yak (5 damage)
             ... while petrified by a basilisk
             ... on level 5 of the Lair of Beasts.
             The game lasted 00:51:34 (17727 turns).

porpoise the Severer (Hill Orc Monk)               Turns: 17727, Time: 00:51:34

Health: 0/111      AC: 19    Str: 25    XL:     13   Next: 55%
Magic:  22/22      EV:  2    Int: 10    God:    Qazlal [****..]
Gold:   859        SH:  0    Dex: 13    Spells: 12/12 levels left

rFire   + . .      SeeInvis .    a - +2 battleaxe
rCold   . . .      Faith    .    (shield currently unavailable)
rNeg    + + +      Spirit   .    z - +3 ring mail {rF+}
rPois   ∞          Reflect  .    f - +0 helmet
rElec   .          Harm     .    h - +0 cloak
rCorr   .          Rampage  .    O - +0 pair of gloves
Will    .....                    G - +0 pair of boots
Stlth   +                        (no amulet)
HPRegen 0.38/turn                d - +4 ring of protection
MPRegen 0.18/turn                j - +6 ring of strength

@: lethally poisoned (0 -> 0), petrified, frozen, repel missiles, very slow
A: no striking features
a: Renounce Religion, Upheaval, Elemental Force


You were on level 5 of the Lair of Beasts.
You worshipped Qazlal.
Qazlal was greatly pleased with you.
You visited 3 branches of the dungeon, and saw 16 of its levels.

You collected 1045 gold pieces.
You spent 186 gold pieces at shops.

Inventory:

Hand Weapons
 a - a +2 battleaxe (weapon)
 b - a +0 broad axe of venom
 w - a +3 trident
Missiles
 t - 8 curare-tipped darts (quivered)
 x - 5 boomerangs
 D - 6 datura-tipped darts
Armour
 f - a +0 helmet (worn)
 h - a +0 cloak (worn)
 z - a +3 ring mail of fire resistance (worn)
 G - a +0 pair of boots (worn)
 O - a +0 pair of gloves (worn)
 S - a +0 kite shield
Jewellery
 d - a +4 ring of protection (left hand)
 j - a +6 ring of strength (right hand)
 n - an amulet of guardian spirit
 q - a ring of fire
 E - a ring of resist corrosion
Wands
 C - a wand of charming (7)
 F - a wand of light (3)
 Q - a wand of flame (14)
Scrolls
 e - 2 scrolls of fear
 g - 3 scrolls of noise
 i - 2 scrolls of summoning
 k - a scroll of immolation
 l - 8 scrolls of teleportation
 m - a scroll of magic mapping
 o - a scroll of torment {unknown}
 s - a scroll of enchant armour
 y - 3 scrolls of fog
 B - a scroll of amnesia
 H - 2 scrolls of blinking
 V - 4 scrolls of identify
Potions
 c - 4 potions of ambrosia
 p - 2 potions of attraction
 r - 2 potions of resistance
 u - a potion of flight
 v - 6 potions of heal wounds
 A - 7 potions of curing
 L - a potion of lignification
 P - 2 potions of invisibility


   Skills:
 - Level 9.0 Fighting
 + Level 18.7 Axes
 - Level 9.0 Armour
 - Level 5.0 Dodging
 - Level 1.5 Stealth
 + Level 8.8 Shields
 - Level 12.0 Invocations
 - Level 5.0 Evocations


You had 12 spell levels left.
You didn't know any spells.
Your spell library contained the following spells:

 Spells                   Type           Power      Damage    Failure   Level
 Freeze                   Ice            0%         1d3       47%         1
 Summon Small Mammal      Summ           0%         N/A       47%         1
 Blink                    Tloc           0%         N/A       63%         2
 Cigotuvi's Dreadful Rot  Necr/Pois/Air  0%         N/A       63%         2
 Ensorcelled Hibernation  Hex/Ice        0%         N/A       63%         2
 Lesser Beckoning         Tloc           0%         N/A       63%         2
 Momentum Strike          Conj/Tloc      0%         3d8       63%         2
 Sublimation of Blood     Necr           0%         N/A       63%         2
 Call Canine Familiar     Summ           0%         N/A       85%         3
 Frozen Ramparts          Ice            0%         1d1       85%         3
 Hailstorm                Conj/Ice       0%         3d3       85%         3
 Inner Flame              Hex/Fire       0%         N/A       85%         3
 Spider Form              Tmut/Pois      0%         N/A       85%         3
 Summon Guardian Golem    Hex/Summ       0%         N/A       85%         3
 Anguish                  Hex/Necr       0%         N/A       99%         4
 Cause Fear               Hex            0%         N/A       99%         4
 Dispel Undead            Necr           0%         3d6       99%         4
 Petrify                  Tmut/Erth      0%         N/A       99%         4
 Irradiate                Conj/Tmut      0%         3d11      100%        5
 Summon Forest            Summ/Tloc      0%         N/A       100%        5
 Death Channel            Necr           0%         N/A       100%        6
 Eringya's Noxious Bog    Tmut/Pois      0%         N/A       100%        6
 Summon Hydra             Summ           0%         N/A       100%        7
 Discord                  Hex            0%         N/A       100%        8


Dungeon Overview and Level Annotations

Branches:
Dungeon (10/15)            Temple (1/1) D:6            Lair (5/5) D:9
  Swamp (0/4) Lair:3        Snake (0/4) Lair:3
  Slime: Lair:4-5       Orc: D:9-12

Altars:
Ashenzari
Cheibriados
Dithmenos
Elyvilon
Fedhas
Gozag
Hepliaklqana
Kikubaaqudgha
Makhleb
Nemelex Xobeh
Okawaru
Qazlal
Ru
Sif Muna
Trog
Uskayaw
Vehumet
Wu Jian
Xom
Yredelemnul
Zin
The Shining One

Shops:
D:3 (   D:5 ?

Annotations:
D:6 2 transporters, Likado's ghost, novice DrRe
D:8 3 runed translucent doors, Valagong's ghost, novice MiFi; arandomgamer's ghost, novice DsGl; browni3141's ghost, novice HuEE


Message History

The yak is engulfed in freezing vapours.
The yak gores you. x2
The basilisk bites you but does no damage.
You hear a shout!
You hear a bellow!
The water moccasin bites you but does no damage. x2
The blink frog is engulfed in freezing vapours.
The blink frog seems to slow down.
The blink frog hits you but does no damage.
The rime drake bites you but does no damage.
The yak gores you.
* * * LOW HITPOINT WARNING * * *
The yak gores you but does no damage.
The water moccasin bites you but does no damage.
The basilisk bites you.
* * * LOW HITPOINT WARNING * * *
The water moccasin bites you but does no damage.
The rime drake bites you but does no damage.
The water moccasin bites you but does no damage.
The blink frog is engulfed in freezing vapours.
You kill the blink frog!
Qazlal accepts your kill. The yak gores you but does no damage.
The yak barely misses you. The yak gores you!
* * * LOW HITPOINT WARNING * * *
The basilisk gazes at you.
You easily resist.
The water moccasin bites you but does no damage.
You hear a bellow!
A komodo dragon comes into view.
The water moccasin bites you!
* * * LOW HITPOINT WARNING * * *
The rime drake breathes ice at you. The icy flash freeze hits you!
* * * LOW HITPOINT WARNING * * *
You are encased in ice.
The water moccasin bites you but does no damage.
The yak gores you but does no damage. The yak gores you!
* * * LOW HITPOINT WARNING * * *
The yak gores you!
You die...

####...........P
.#P..#............
##...P.............
##..[...)...........
#...................
#.........†.........
##....☼.§...<........
#....lkS....†........
#...kY@S.............
......YY°☼............
l.......#.............
....Y..P#..<.........#
P......##.............
......................
......................
......................


You could see a komodo dragon, 4 yaks, a basilisk, 2 rime drakes and 2 water
moccasins.

Vanquished Creatures
  Nessos (Lair:4)
  Snorg (Lair:4)
  A fire dragon (Lair:2)
  A hydra (Lair:4)
  A boulder beetle (Lair:1)
  A two-headed ogre (D:9)
  2 oklob plants (Lair:4)
  6 elephants (Lair:3)
  2 black mambas
  5 torpor snails (Lair:1)
  7 cane toads
  5 rime drakes
  6 komodo dragons
  2 polar bears (Lair:3)
  2 trolls
  A hornet (D:9)
  Prince Ribbit (D:8)
  20 blink frogs
  4 dream sheep
  3 wraiths
  26 yaks
  A wyvern (Lair:3)
  2 basilisks
  A steam dragon (D:7)
  12 water moccasins
  2 acid dragons
  A naga (Lair:3)
  2 orc warriors
  3 sky beasts
  2 ice beasts (D:7)
  2 ogres
  5 centaurs
  4 kobold brigands
  11 bullfrogs
  6 scorpions
  2 necrophages (D:5)
  9 wights
  16 killer bees
  6 howler monkeys
  A jelly (D:7)
  5 hounds
  4 orc priests
  5 iguanas
  Natasha (thrice) (D:3)
  2 orc wizards (D:5)
  8 gnolls
  5 adders
  A shadow imp (D:7)
  2 ufetubi (D:7)
  2 worms (D:2)
  2 dart slugs
  16 orcs
  7 ball pythons
  6 bats
  10 endoplasms
  2 goblins
  8 hobgoblins
  17 kobolds
  5 quokkas
  3 frilled lizards
  10 rats
309 creatures vanquished.

Vanquished Creatures (collateral kills)
  5 dream sheep (Lair:4)
5 creatures vanquished.

Vanquished Creatures (others)
  21 fungi
  19 plants
40 creatures vanquished.

Grand Total: 354 creatures vanquished

Notes
Turn   | Place    | Note
-------+----------+-------------------------------------------
     0 | D:1      | porpoise the Hill Orc Monk began the quest for the Orb.
     0 | D:1      | Reached XP level 1. HP: 19/19 MP: 1/1
   171 | D:1      | Reached XP level 2. HP: 26/27 MP: 2/2
   487 | D:1      | Reached skill level 5 in Axes
   487 | D:1      | Reached XP level 3. HP: 29/33 MP: 3/3
  1098 | D:2      | Reached XP level 4. HP: 41/41 MP: 4/4
  1251 | D:2      | Reached skill level 6 in Axes
  1444 | D:3      | Reached XP level 5. HP: 33/47 MP: 5/5
  1510 | D:3      | Noticed Natasha
  1521 | D:3      | Killed Natasha
  1642 | D:3      | Reached skill level 5 in Fighting
  1750 | D:3      | Found Sirph's Antique Weapon Shop.
  1766 | D:3      | Noticed Natasha
  1795 | D:3      | Killed Natasha
  1796 | D:3      | Reached skill level 7 in Axes
  1836 | D:3      | Noticed Natasha
  1843 | D:3      | Killed Natasha
  1874 | D:3      | Found a snail-covered altar of Cheibriados.
  2238 | D:4      | Reached XP level 6. HP: 55/56 MP: 6/6
  2875 | D:4      | Reached skill level 8 in Axes
  3203 | D:5      | Entered Level 5 of the Dungeon
  3246 | D:5      | Noticed a water moccasin
  3260 | D:5      | Killed a water moccasin
  3261 | D:5      | Reached skill level 9 in Axes
  3261 | D:5      | Reached XP level 7. HP: 37/63 MP: 7/7
  3627 | D:5      | Found a white marble altar of Elyvilon.
  3862 | D:5      | Reached skill level 10 in Axes
  4155 | D:5      | Reached XP level 8. HP: 73/73 MP: 8/8
  4345 | D:5      | Found Diddogg's Magic Scroll Boutique.
  4376 | D:5      | Reached skill level 1 in Armour
  4641 | D:5      | Found a shimmering altar of Xom.
  4643 | D:5      | Found a blossoming altar of Fedhas.
  4643 | D:5      | Found an ancient bone altar of Kikubaaqudgha.
  4645 | D:5      | Found an iron altar of Okawaru.
  4645 | D:5      | Found a radiant altar of Vehumet.
  4645 | D:5      | Found a glowing golden altar of the Shining One.
  4745 | D:5      | Bought a scroll of brand weapon for 114 gold pieces
  4746 | D:5      | Bought a scroll of identify for 24 gold pieces
  4746 | D:5      | Bought a scroll of identify for 24 gold pieces
  4746 | D:5      | Bought a scroll of identify for 24 gold pieces
  4795 | D:6      | Noticed a wraith
  4808 | D:6      | Killed a wraith
  4954 | D:6      | Reached skill level 11 in Axes
  5181 | D:6      | Found a staircase to the Ecumenical Temple.
  5205 | Temple   | Entered the Ecumenical Temple
  5395 | Temple   | Became a worshipper of Qazlal Stormbringer
  5395 | Temple   | Reached * piety under Qazlal
  5395 | Temple   | Reached ** piety under Qazlal
  5502 | D:6      | Reached XP level 9. HP: 67/79 MP: 9/9
  5550 | D:6      | Found a transporter.
  5555 | D:6      | Noticed Likado's ghost (novice DrRe)
  5676 | D:6      | Found a transporter.
  5814 | D:7      | Found a blossoming altar of Fedhas.
  5948 | D:7      | Reached skill level 12 in Axes
  5948 | D:7      | Reached skill level 5 in Armour
  6012 | D:7      | Found an iron altar of Okawaru.
  6012 | D:7      | Found a shadowy altar of Dithmenos.
  6142 | D:7      | Noticed a troll
  6143 | D:7      | Reached skill level 5 in Dodging
  6148 | D:7      | Killed a troll
  6305 | D:7      | Reached skill level 13 in Axes
  6312 | D:7      | Reached XP level 10. HP: 60/86 MP: 10/10
  6416 | D:7      | Reached skill level 1 in Invocations
  7297 | D:8      | Found an opulent altar of Gozag.
  7372 | D:8      | Found a hide-covered altar of Uskayaw.
  7465 | D:8      | Noticed Prince Ribbit
  7471 | D:8      | Killed Prince Ribbit
  7471 | D:8      | Reached *** piety under Qazlal
  7806 | D:8      | Found a runed translucent gate.
  7806 | D:8      | Found a runed translucent gate.
  7806 | D:8      | Found a runed translucent gate.
  7807 | D:8      | Noticed browni3141's ghost (novice HuEE)
  7808 | D:8      | Noticed Valagong's ghost (novice MiFi)
  7808 | D:8      | Noticed arandomgamer's ghost (novice DsGl)
  8221 | D:9      | Reached skill level 14 in Axes
  8685 | D:9      | Found a staircase to the Lair.
  8788 | D:9      | Reached skill level 5 in Invocations
  8920 | D:9      | Found a hazy altar of Hepliaklqana.
  8921 | D:9      | Noticed a two-headed ogre
  8930 | D:9      | Killed a two-headed ogre
  9095 | D:9      | Found a sacrificial altar of Ru.
  9785 | D:9      | Found a shimmering blue altar of Sif Muna.
  9860 | D:9      | Found a broken altar of Ashenzari.
  9907 | D:9      | Reached XP level 11. HP: 94/97 MP: 15/15
 10010 | D:10     | Entered Level 10 of the Dungeon
 10736 | D:10     | Found a glowing silver altar of Zin.
 11049 | Lair:1   | Entered Level 1 of the Lair of Beasts
 11061 | Lair:1   | Reached skill level 15 in Axes
 11363 | Lair:1   | Noticed a boulder beetle
 11371 | Lair:1   | Killed a boulder beetle
 11380 | Lair:1   | Found a bloodstained altar of Trog.
 11491 | Lair:1   | Reached **** piety under Qazlal
 11720 | Lair:1   | Found a snail-covered altar of Cheibriados.
 11734 | Lair:1   | Reached skill level 16 in Axes
 12115 | Lair:1   | Reached skill level 1 in Shields
 12906 | Lair:2   | Reached skill level 10 in Invocations
 12906 | Lair:2   | Reached XP level 12. HP: 84/104 MP: 19/19
 13595 | Lair:2   | Noticed a fire dragon
 13615 | Lair:2   | Killed a fire dragon
 14383 | Lair:3   | Reached skill level 17 in Axes
 14391 | Lair:3   | Reached skill level 5 in Shields
 14529 | Lair:3   | Found a staircase to the Snake Pit.
 15176 | Lair:3   | Found a staircase to the Swamp.
 15214 | Lair:3   | Reached skill level 1 in Evocations
 15267 | Lair:3   | Reached XP level 13. HP: 90/111 MP: 22/22
 15985 | Lair:3   | Reached skill level 18 in Axes
 16190 | Lair:4   | Noticed Nessos
 16218 | Lair:4   | Killed Nessos
 16479 | Lair:4   | Noticed Snorg
 16490 | Lair:4   | Killed Snorg
 17038 | Lair:4   | Found a blossoming altar of Fedhas.
 17335 | Lair:5   | Entered Level 5 of the Lair of Beasts
 17711 | Lair:5   | Reached skill level 5 in Evocations
 17727 | Lair:5   | HP: 5/111 [yak (6)]
 17727 | Lair:5   | Slain by a yak

Illustrated notes

Levels and vault maps discovered:
D:1:      scummos_arrival_checkerplants, layout_loops_ring
D:2:      layout_rooms, hex_tiny, minmay_crystal_water
D:3:      layout_basic, mainiacjoe_overflow_tiny_flanked, serial_shops,
          nicolae_shop_advertising_works [nicolae_subvault_shop_adworks],
          uniq_natasha
D:4:      layout_loops_ring
D:5:      layout_basic, nicolae_elyvilon_peaceful_grove, doesnt_xom_only_xom,
          serial_curves, eino_curves_03, eino_curves_03, serial_shops,
          nicolae_shop_window_shopping, st_stairs_10
D:6:      layout_rooms, minmay_temple_entry_proselytizer,
          gammafunk_ghost_stat_death, dreamdust_mushroom_princess
D:7:      nzn_winding_woodlands_three_and_one
          [nzn_winding_woodlands_5x15_split_checker,
          nzn_winding_woodlands_5x15_twine, nzn_winding_woodlands_5x15_cabin,
          nzn_winding_woodlands_center_garden], layout_basic,
          nicolae_overflow_crystal_walls, gammafunk_temple_overflow_statue
D:8:      layout_basic, mainiacjoe_overflow_boulevard,
          mainiacjoe_overflow_small_starburst, gammafunk_ghost_cemetery,
          uniq_prince_ribbit1
D:9:      layout_loops_ring, nicolae_overflow_hidden_temple,
          amethyst_overflow_temple_binary, kennysheep_mini
D:10:     layout_basic, zin_academy
Temple:   chequers_temple_sunken
Lair:1:   layout_loops_ring, basic_altar, kennysheep_snail_temple,
          serial_bayou_shore_a
Lair:2:   dragon1_lemuel, layout_regular_city, grunt_megastairs_5
Lair:3:   layout_roguey, swamp_mist_pool, guppyfry_snake_entry_island
Lair:4:   layout_hall_layers, hangedman_tree_tricks, grunt_megastairs_3,
          uniq_snorg, uniq_nessos
Lair:5:   grunt_lair_end_beastmaster, layout_hall_layers,
          nicolae_slime_entry_field_trip, portal_ice_cave_entry_pillars_2,
          grunt_forest_small_clearing_treed, infiniplex_staircase_pool,
          uniq_urug

Skill      XL: |  1  2  3  4  5  6  7  8  9 10 11 12 13 |
---------------+----------------------------------------+-----
Fighting       | 4 5 6 7 9 |  9.0
Axes           | 5 6 7 9 10 11 13 14 16 17 18 | 18.7
Armour         | 4 7 9 |  9.0
Dodging        | 4 5 |  5.0
Invocations    | 6 10 12 | 12.0
Shields        | 2 7 8 |  8.8
Evocations     | 2 5 |  5.0
Stealth        | |  1.5

Action                     |  1- 3 |  4- 6 |  7- 9 | 10-12 | 13-15 || total
---------------------------+-------+-------+-------+-------+-------++-------
  Melee: Hand axe          |   102 |   197 |    10 |       |       ||   309
         Punch             |     2 |     1 |     3 |     1 |     1 ||     8
         Broad axe         |       |       |   197 |    62 |       ||   259
         Battleaxe         |       |       |       |   383 |   108 ||   491
         Trident           |       |       |       |       |     7 ||     7
   Fire: Sling             |     2 |    28 |     3 |       |       ||    33
  Throw: Dart              |       |     5 |     6 |     2 |       ||    13
 Invoke: Elemental Force   |       |       |       |       |     2 ||     2
  Evoke: Wand              |       |       |       |       |     2 ||     2
    Use: Scroll            |     1 |     3 |     9 |    15 |     1 ||    29
         Potion            |       |       |     2 |     1 |     4 ||     7
   Stab: Sleeping          |       |     1 |       |       |       ||     1
         Paralysed         |       |       |       |       |     1 ||     1
 Armour: Ring mail         |    34 |    47 |   131 |   169 |    97 ||   478
         Robe              |     1 |       |       |       |       ||     1
         Leather armour    |       |    32 |       |       |       ||    32
  Dodge: Dodged            |    65 |    94 |   156 |   241 |   104 ||   660
         Repelled          |       |       |       |     2 |     1 ||     3
  Block: Other             |       |       |    11 |    63 |    47 ||   121

Table legend: (Time is in decaauts)
 A = Elapsed time spent in this place.
 B = Non-inter-level travel time spent in this place.
 C = Inter-level travel time spent in this place.
 D = Time resting spent in this place.
 E = Time spent auto-exploring this place.
 F = Levels seen in this place.
 G = Mean time per level.
                   A        B        C        D        E       F      G
               +--------+--------+--------+--------+--------+-----+--------+
         Total |  17809 |  16894 |    915 |   4859 |   9366 |  16 | 1113.1 |
       Dungeon |  10880 |  10194 |    686 |   2570 |   5843 |  10 | 1088.0 |
        Temple |    259 |    233 |     26 |      0 |    226 |   1 |  259.0 |
          Lair |   6669 |   6467 |    202 |   2288 |   3296 |   5 | 1333.8 |
               +--------+--------+--------+--------+--------+-----+--------+

Top non-repeatable levels by time:
  Lair:1: 1861 daAuts
  Lair:3: 1756 daAuts
     D:5: 1592 daAuts
     D:9: 1574 daAuts
     D:7: 1556 daAuts
  Lair:4: 1518 daAuts
  Lair:2: 1472 daAuts
     D:8: 1120 daAuts
    D:10: 1019 daAuts
     D:4: 988 daAuts
     D:1: 860 daAuts
     D:6: 808 daAuts
     D:3: 775 daAuts
     D:2: 584 daAuts
  Temple: 259 daAuts
